 Dungeon Crawl Stone Soup version 0.29.0-11-gd7f09526c8 (webtiles) character file.

Game seed: 16313288407798108097

4057 Anothat the Blocker (level 10, 0/56 HPs)
             Began as a Vine Stalker Fighter on Sept 6, 2022.
             Was a Follower of Uskayaw.
             Slain by a shadow (15 damage)
             ... on level 9 of the Dungeon.
             The game lasted 00:13:12 (7066 turns).

Anothat the Blocker (Vine Stalker Fighter)          Turns: 7066, Time: 00:13:13

Health: 0/56       AC: 12    Str: 19    XL:     10   Next: 25%
Magic:  0/11       EV: 13    Int:  8    God:    Uskayaw [*.....]
Gold:   377        SH:  8    Dex: 18    Spells: 9/9 levels left

rFire   . . .      SeeInvis .   y - +1 short sword (vamp)
rCold   . . .      Faith    .   c - +1 buckler
rNeg    . . .      Spirit   +   b - +0 scale mail
rPois   .          Reflect  .   C - +2 hat
rElec   .          Harm     .   p - scarf {repulsion}
rCorr   .          Rampage  .   (no gloves)
Will    +....                   (no boots)
Stlth   ..........              (no amulet)
HPRegen 0.98/turn               f - +4 ring of evasion
MPRegen 0.12/turn               k - +4 ring of protection

@: studying 2 skills, repel missiles
A: fangs 3, regeneration 1, magic shield, antimagic bite, no potion heal 2
a: Renounce Religion, Stomp


You were on level 9 of the Dungeon.
You worshipped Uskayaw.
Uskayaw was noncommittal.
You visited 1 branch of the dungeon, and saw 9 of its levels.

You collected 377 gold pieces.

Inventory:

Hand Weapons
 a - a +0 rapier
 w - a +2 short sword
 y - a +1 vampiric short sword (weapon)
Armour
 b - a +0 scale mail (worn)
 c - a +1 buckler (worn)
 g - a +0 helmet
 p - a scarf of repulsion (worn)
 C - a +2 hat (worn)
 D - +0 steam dragon scales
Jewellery
 f - a +4 ring of evasion (left hand)
 k - a +4 ring of protection (right hand)
 t - a ring of wizardry
 v - a ring of positive energy
Wands
 n - a wand of mindburst (6)
 z - a wand of polymorph (6)
Scrolls
 e - 7 scrolls of teleportation
 l - 2 scrolls of vulnerability
 q - 5 scrolls of identify
 s - a scroll of amnesia
 A - a scroll of enchant armour
Potions
 d - 2 potions of might
 h - 3 potions of degeneration {unknown}
 i - 4 potions of attraction {unknown}
 j - 2 potions of haste
 m - 3 potions of heal wounds {unknown}
 o - 2 potions of berserk rage {unknown}
 r - a potion of magic {unknown}
 u - 2 potions of curing {unknown}
 x - 2 potions of brilliance {unknown}
 B - a potion of flight {unknown}


   Skills:
 + Level 8.2 Fighting
 + Level 8.8 Short Blades
 - Level 2.4 Armour
 + Level 11.1 Shields


You had 9 spell levels left.
You didn't know any spells.
Your spell library contained the following spells:

 Spells                   Type           Power      Damage    Failure   Level
 Apportation              Tloc           0%         N/A       85%         1
 Necrotise                Necr           0%         1d4       85%         1
 Sandblast                Erth           0%         2d4       85%         1
 Shock                    Conj/Air       0%         1d3       85%         1
 Summon Small Mammal      Summ           0%         N/A       85%         1
 Ozocubu's Armour         Ice            0%         N/A       99%         3
 Swiftness                Air            0%         N/A       99%         3
 Tukima's Dance           Hex            0%         N/A       99%         3
 Airstrike                Air            0%         2d(0-16)  100%        4
 Passage of Golubria      Tloc           0%         N/A       100%        4
 Summon Lightning Spire   Summ/Air       0%         N/A       100%        4
 Lightning Bolt           Conj/Air       0%         1d11      100%        5
 Yara's Violent Unravell  Hex/Tmut       0%         3d3       100%        5
 Ozocubu's Refrigeration  Ice            0%         4d7       100%        7


Dungeon Overview and Level Annotations

Branches:
Dungeon (9/15)             Temple (0/1) D:5
   Lair: D:8-11         Orc: D:9-12

Altars:
Ashenzari
Cheibriados
Dithmenos
Elyvilon
Fedhas
Okawaru
Uskayaw
Yredelemnul
Zin
The Shining One

Shops:
D:1 :

Annotations:
D:6 3 runed translucent doors, EtherCrawl's ghost, novice HuMo


Innate Abilities, Weirdness & Mutations

You have razor-sharp teeth.
Your natural rate of healing is unusually fast.
When hurt, damage is shared between your health and your magic reserves.
Your bite disrupts and absorbs the magic of your enemies.
Potions cannot restore your health.


Message History

You block the shadow's attack. The orc warrior misses you.
You barely miss the orc warrior.
The orc warrior is heavily wounded.
The shadow hits you! You block the orc warrior's attack.
You hit the orc warrior but do no damage.
Your bite misses the orc warrior.
The orc warrior is heavily wounded.
You completely miss the orc warrior. Your bite misses the orc warrior.
The orc warrior is heavily wounded.
The shadow closely misses you.
The orc warrior hits you with a +0 glaive!
You barely miss the orc warrior. Your bite misses the orc warrior.
The orc warrior is heavily wounded.
The shadow slips into darkness.
The shadow flickers and vanishes!
You block the orc warrior's attack.
You hit the orc warrior.
The orc warrior is heavily wounded.
The orc warrior closely misses you.
The shadow strikes at you from the darkness!
* * * LOW HITPOINT WARNING * * *
Reactivating autopickup.
The shadow attacks as you move away! The shadow hits you.
* * * LOW HITPOINT WARNING * * *
The orc warrior hits you from afar with a +0 glaive!
* * * LOW HITPOINT WARNING * * *
Okay, then.
Okay, then.
The shadow attacks as you move away! The shadow misses you.
The howler monkey hoots and howls with incredible vigour!
Okay, then.
You can no longer pass through a line of other dancers.
Okay, then.
The shadow slips into darkness.
The shadow flickers and vanishes!
Deactivating autopickup; reactivate with Ctrl-A.
The howler monkey hoots and howls with incredible vigour!
The howler monkey hoots and howls with incredible vigour!
There is an open door here.
The shadow strikes at you from the darkness!
You die...

#.## #.# #h# #{# ...
#o# ###..# #.#
####...#### #.#
#.......... ####'##
#..........
#....@######..........
#....††...##..........
#)....###..'..........
#.....# ####..........
#.....# ####'######
####+## #..## ##..#
##.# ######'####


You could see an orc warrior and a howler monkey (catching breath).

Vanquished Creatures
  Sigmund (D:5)
  9 yaks (D:9)
  2 steam dragons
  A water moccasin (D:6)
  2 sky beasts (D:8)
  An ice beast (D:6)
  A black bear (D:4)
  An orc warrior (D:8)
  4 centaurs
  2 kobold brigands
  Blork the orc (D:6)
  A bullfrog (D:9)
  2 necrophages
  A gnoll sergeant (D:8)
  5 scorpions
  4 wights (D:6)
  A howler monkey (D:6)
  3 hounds
  A jelly (D:6)
  3 orc wizards
  5 gnolls (D:8)
  7 adders
  2 river rats (D:4)
  A shadow imp (D:7)
  A white imp (D:5)
  An ufetubus (D:6)
  4 worms
  4 dart slugs
  21 orcs
  5 bats
  3 endoplasms
  A giant cockroach (D:1)
  7 hobgoblins
  4 jackals (D:2)
  5 quokkas
  7 ball pythons
  4 frilled lizards
  4 goblins
  13 kobolds
  11 rats
156 creatures vanquished.

Vanquished Creatures (others)
  A plant (D:1)
1 creature vanquished.

Grand Total: 157 creatures vanquished

Notes
Turn   | Place    | Note
-------+----------+-------------------------------------------
     0 | D:1      | Anothat the Vine Stalker Fighter began the quest for the
                  | Orb.
     0 | D:1      | Reached XP level 1. HP: 11/11 MP: 2/2
   144 | D:1      | Reached XP level 2. HP: 16/16 MP: 3/3
   370 | D:1      | Reached skill level 3 in Shields
   421 | D:1      | Found Otreid's Book Boutique.
   511 | D:1      | Found a faded altar of an unknown god.
   516 | D:1      | Got Plato's Textbook on Geology
   710 | D:2      | Reached XP level 3. HP: 20/20 MP: 4/4
   748 | D:2      | Found a hide-covered altar of Uskayaw.
  1056 | D:2      | Became a worshipper of Uskayaw the Reveller
  1122 | D:2      | Reached * piety under Uskayaw
  1418 | D:2      | Identified a scroll of acquirement
  1418 | D:2      | Acquired a manual of Shields
  1470 | D:3      | Reached ** piety under Uskayaw
  1471 | D:3      | Gained mutation: Your natural rate of healing is unusually
                  | fast. [Vine Stalker growth]
  1471 | D:3      | Reached XP level 4. HP: 20/24 MP: 3/5
  2215 | D:4      | Reached skill level 4 in Shields
  2215 | D:4      | Reached XP level 5. HP: 26/29 MP: 6/6
  2614 | D:4      | Noticed a black bear
  2620 | D:4      | Killed a black bear
  2621 | D:4      | Reached XP level 6. HP: 33/33 MP: 7/7
  2623 | D:4      | Reached *** piety under Uskayaw
  2631 | D:4      | Reached **** piety under Uskayaw
  2846 | D:4      | Reached skill level 5 in Shields
  3046 | D:3      | Found an iron altar of Okawaru.
  3135 | D:5      | Entered Level 5 of the Dungeon
  3137 | D:5      | Found a staircase to the Ecumenical Temple.
  3165 | D:5      | Noticed Sigmund
  3181 | D:5      | Killed Sigmund
  3182 | D:5      | Reached XP level 7. HP: 38/38 MP: 8/8
  3186 | D:5      | Reached ***** piety under Uskayaw
  3189 | D:5      | Reached skill level 6 in Shields
  3301 | D:5      | Reached skill level 5 in Fighting
  3937 | D:6      | Gained mutation: You have razor-sharp teeth. [Vine Stalker
                  | growth]
  3937 | D:6      | Reached XP level 8. HP: 26/43 MP: 6/9
  4027 | D:6      | Reached skill level 5 in Short Blades
  4039 | D:6      | Reached skill level 7 in Shields
  4114 | D:6      | Found a runed translucent gate.
  4114 | D:6      | Found a runed translucent gate.
  4114 | D:6      | Found a runed translucent gate.
  4194 | D:6      | Noticed Blork the orc
  4202 | D:6      | Killed Blork the orc
  4428 | D:6      | Identified the +5 mace "Giomoc" {spect, Fragile rN++ Will+
                  | Dex+2}
  4515 | D:6      | Reached skill level 8 in Shields
  4879 | D:6      | Noticed EtherCrawl's ghost (novice HuMo)
  5170 | D:7      | Reached XP level 9. HP: 49/49 MP: 10/10
  5359 | D:7      | Found a white marble altar of Elyvilon.
  5360 | D:7      | Found a glowing silver altar of Zin.
  5361 | D:7      | Found a glowing golden altar of the Shining One.
  5465 | D:7      | Reached skill level 9 in Shields
  5660 | D:8      | Identified the +2 leather armour of Taes {rC+ Will+ Int-2
                  | Dex+2}
  5857 | D:8      | Found a basalt altar of Yredelemnul.
  5858 | D:8      | Found a snail-covered altar of Cheibriados.
  5858 | D:8      | Found a blossoming altar of Fedhas.
  5861 | D:8      | Found a broken altar of Ashenzari.
  6404 | D:8      | Acquired a manual of Short Blades
  6607 | D:9      | Found a shadowy altar of Dithmenos.
  6795 | D:9      | Reached skill level 10 in Shields
  6844 | D:9      | Reached XP level 10. HP: 39/56 MP: 11/11
  6991 | D:9      | Reached skill level 11 in Shields
  7066 | D:9      | Slain by a shadow

Illustrated notes

Levels and vault maps discovered:
D:1:      dpeg_arrival_rooms_with_view, layout_rooms,
          shapermc_ecumenical_altar_rom_forum, serial_shops,
          nicolae_shop_waterfront, serial_bayou_pond_b
D:2:      layout_basic, basic_altar
D:3:      layout_basic, kennysheep_okawaru_gauntlet
D:4:      layout_loops_corners, portal_sewer_entry_e
D:5:      layout_basic, minmay_temple_entry_stoned_glass, serial_curves,
          eino_curves_03, eino_curves_03, uniq_sigmund
D:6:      layout_loops_corners, gammafunk_ghost_icy, uniq_blork_the_orc
D:7:      layout_rooms, dreamdust_divine_triumvirate
D:8:      layout_cave_pods, grunt_temple_overflow_open, minmay_misc_feat_chi
D:9:      layout_roguey, lemuel_crystal_altar

Skill      XL: |  1  2  3  4  5  6  7  8  9 10 |
---------------+-------------------------------+-----
Short Blades   | 2 3 4 6 8 |  8.8
Fighting       | 3 4 5 6 7 8 |  8.2
Shields        | 3 4 5 6 8 10 11 | 11.1
Armour         | |  2.4

Action                   |  1- 3 |  4- 6 |  7- 9 | 10-12 || total
-------------------------+-------+-------+-------+-------++-------
Melee: Rapier            |   117 |   175 |   110 |       ||   402
       Bite              |    35 |    51 |   154 |    28 ||   268
       Short sword       |       |       |   300 |    73 ||   373
  Use: Scroll            |     5 |     1 |     5 |       ||    11
       Potion            |       |     4 |     1 |       ||     5
 Stab: Paralysed         |       |     2 |    10 |     2 ||    14
Armor: Scale mail        |    39 |    73 |   105 |     7 ||   224
Dodge: Dodged            |    40 |    76 |   183 |    20 ||   319
       Repelled          |       |       |     4 |       ||     4
Block: Buckler           |    29 |    32 |   128 |    16 ||   205
